 Dungeon Crawl Stone Soup version 0.19.5 (webtiles) character file.

300389 sankara the Warrior (level 20, -1/195 HPs)
             Began as a Minotaur Gladiator on Mar 10, 2017.
             Was the Champion of Okawaru.
             Slain by an ettin
             ... wielding a +0 dire flail
              (31 damage)
             ... on level 4 of the Vaults on Mar 12, 2017.
             The game lasted 03:47:58 (46787 turns).

sankara the Warrior (Minotaur Gladiator)           Turns: 46787, Time: 03:47:58

Health: -1/195     AC: 43    Str: 32    XL:     20   Next: 51%
Magic:  31/32      EV: 24    Int:  7    God:    Okawaru [******]
Gold:   2839       SH:  5    Dex: 24    Spells: 0 memorised, 19 levels left

rFire  + . .     SeeInvis +     a - +6 quarterstaff (drain)
rCold  . . .     Gourm    .     X - +2 crystal plate armour
rNeg   . . .     Faith    .     (shield currently unavailable)
rPois  .         Spirit   .     O - +0 hat "Leas" {-Cast *Drain rElec Str+8}
rElec  +         Reflect  +     (no cloak)
rCorr  .         Harm     .     v - +1 pair of gloves {Dex+3}
MR     ++...     NoCast   +     G - +2 pair of boots {run}
Stlth  ..........               z - +5 amulet of reflection
                                V - +3 ring of dexterity
                                Q - +5 ring of protection

@: about to teleport, heroism, finesse, drained, quick
A: retaliatory headbutt, horns 2, see invisible, clever 1, fire resistance 1,
magic resistance 1, sense surroundings 1, strong 1
a: Heroism, Finesse, Renounce Religion
}: 1/15 runes: barnacled


You were on level 4 of the Vaults.
You worshipped Okawaru.
Okawaru was exalted by your worship.
You were hungry.

You visited 7 branches of the dungeon, and saw 35 of its levels.
You also visited: Labyrinth, Ossuary and Bailey.

You collected 3607 gold pieces.
You spent 768 gold pieces at shops.

Inventory:

Hand Weapons
 a - a +6 quarterstaff of draining (weapon)
 b - a +1 lajatang of protection
Missiles
 g - 16 throwing nets
 m - 47 javelins (quivered)
Armour
 p - a +3 plate armour of magic resistance
 v - a +1 pair of gloves of dexterity (worn)
 G - a +2 pair of boots of running (worn)
 O - the +0 hat "Leas" (worn) {-Cast *Drain rElec Str+8}
   (Okawaru gifted it to you on level 1 of the Shoals)

   It affects your strength (+8).
   It insulates you from electricity.
   It prevents spellcasting.
   It causes draining when unequipped.
 P - a +0 cloak
 U - a +2 cloak of poison resistance
 X - a +2 crystal plate armour (worn)
Rods
 c - a +5 rod of ignition (14/14)
   (You found it in a labyrinth)
 d - a +3 lightning rod (14/14)
   (You found it on level 11 of the Dungeon)
Jewellery
 x - an uncursed ring of poison resistance
 z - a +5 amulet of reflection (around neck)
 Q - a +5 ring of protection (left hand)
 V - a +3 ring of dexterity (right hand)
Wands
 i - a wand of lightning (11/15)
 s - a wand of heal wounds (1/9)
 H - a wand of enslavement (9/24)
 L - a wand of digging (11/24)
Scrolls
 e - a scroll of enchant weapon
 j - 8 scrolls of teleportation
 n - a scroll of blinking
 o - 15 scrolls of remove curse
 t - 4 scrolls of fog
 u - 5 scrolls of fear
 y - 11 scrolls of identify
 M - a scroll of silence
 N - a scroll of enchant armour
 Z - 6 scrolls of magic mapping
Potions
 k - 3 potions of haste
 l - 3 potions of might
 q - 11 potions of curing
 r - 6 potions of flight
 w - 2 potions of ambrosia
 I - a potion of berserk rage
 J - 5 potions of lignification
 K - 3 potions of heal wounds
 R - a potion of cancellation
 T - 5 potions of agility
 W - 2 potions of resistance
Miscellaneous
 A - a phial of floods
 B - a lamp of fire (inert)
 C - a disc of storms
 D - a sack of spiders
 E - 3 boxes of beasts
 F - 3 phantom mirrors
Comestibles
 f - 27 bread rations
 h - 15 meat rations
 S - 11 chunks of flesh
 Y - 24 fruits


   Skills:
 + Level 20.5(23.9) Fighting
 - Level 14.0(17.5) Staves
 - Level 2.0(5.9) Throwing
 + Level 20.5(23.9) Armour
 + Level 18.3(21.7) Dodging
 + Level 18.0(16.6) Invocations


You had 19 spell levels left.
You didn't know any spells.

Dungeon Overview and Level Annotations

Branches:
Dungeon (15/15)            Temple (1/1) D:5            Lair (6/6) D:8
 Shoals (4/4) Lair:2        Snake (3/4) Lair:3        Slime (0/5) Lair:5
    Orc (2/2) D:12            Elf (0/3) Orc:2        Vaults (4/5) D:13
  Crypt (0/3) Vaults:2     Depths (0/5) D:15

Altars:
Ashenzari
Cheibriados
Dithmenos
Elyvilon
Fedhas
Gozag
Hepliaklqana
Makhleb
Nemelex Xobeh
Okawaru
Qazlal
Ru
Sif Muna
Trog
Uskayaw
Vehumet
Xom
Yredelemnul
Zin
The Shining One
Beogh
Jiyva

Shops:
Orc:1 !   Orc:2 ![}([   Shoals:2 [   Shoals:3 !   Vaults:1 (   Vaults:2 *}%%!
Vaults:3 (

Annotations:
Lair:5 1 runed door


Innate Abilities, Weirdness & Mutations

You reflexively headbutt those who attack you in melee.
You have a pair of horns on your head.
You have supernaturally acute eyesight. (SInv)
Your mind is acute. (Int +2)
Your flesh is heat resistant. (rF+)
You are resistant to hostile enchantments. (MR+)
You passively map a small area around you.
Your muscles are strong. (Str +2)


Message History

The deep troll shaman closely misses you.
The deep troll shaman claws you but does no damage.
You thump the ettin! You drain the ettin! You headbutt the ettin!
The ettin is heavily wounded.
The ettin closely misses you. You furiously retaliate!
You headbutt the ettin, but do no damage.
The ettin hits you with a dire flail!!!
* * * LOW HITPOINT WARNING * * *
You hear a bellow!
As you read the scroll of teleportation, it crumbles to dust.
You feel strangely unstable.
The deep elf mage casts a spell.
The deep troll shaman misses you. You furiously retaliate!
You headbutt the deep troll shaman, but do no damage.
The deep troll shaman claws you but does no damage.
The deep troll shaman barely misses you.
The orc hits you but does no damage.
The deep elf mage mumbles some strange words.
The ettin hits you with a dire flail!!
You die...

#....#.(...# #.#(.)#)#
#....#...er# #.(..)(.#
#.#..#....e############'#########
+....'....s......................
#'####......W....................
.....+....c..p.W(................
.....#.....e.Gccc................
#+####........nCTo...............
'....###########@################
#.#(.#.).......).# #.
#(..)[[[.........# #.
#....##[##...##'######### #.
######...#...#.>.'......# #. .#
#...#...#...#......# #. .#
#...#...#...#......# #. .#
#...#...#...#......# ##' .#
#...#...#...#......# #..


You could see a ghoul, a great orb of eyes, an ettin, an ironbrand convoker, a
deep troll shaman, 4 yaktaurs, 3 deep elf magi, 2 wraiths, a redback, a hell rat
and an orc.

Vanquished Creatures
  Jorgrun (Shoals:2)
  2 tentacled monstrosities
  Rupert (D:13)
  Polyphemus (Shoals:2)
  A tengu reaver (Vaults:3)
  The ghost of MirrMurr the Fencer, an adept DsBe of Trog (Shoals:1)
  Ilsuiw (Shoals:4)
  Roxanne (Shoals:4)
  A fire giant (Vaults:3)
  13 vault wardens
  3 orc warlords
  A ghoul (Vaults:2)
  Aizul (Snake:1)
  Louise (Shoals:3)
  13 ironheart preservers
  9 stone giants
  A large abomination (Vaults:4)
  4 merfolk javelineers
  2 ettins
  3 dire elephants (Lair:6)
  A deep elf death mage (Vaults:4)
  4 fire dragons (Vaults:1)
  12 merfolk impalers
  8 yaktaur captains
  A minotaur (Lab)
  3 rakshasas
  Harold (Lair:1)
  16 hydras
  6 great orbs of eyes
  4 ice dragons
  13 vault guards
  5 naga warriors
  2 catoblepae
  5 anacondas
  4 merfolk avatars
  3 alligator snapping turtles
  4 death knights
  8 merfolk aquamancers
  7 death yaks
  A deep troll earth mage (Vaults:1)
  8 centaur warriors
  2 deep troll shamans
  13 ogre magi
  11 naga sharpshooters
  5 orc high priests
  5 shock serpents
  Urug (D:13)
  Sonja (Lair:2)
  6 deep elf knights
  9 skeletal warriors (Vaults:2)
  A flayed ghost (Vaults:2)
  3 unseen horrors
  13 sea snakes
  6 deep trolls
  2 wizards (Vaults:1)
  A glowing orange brain (shapeshifter) (Vaults:3)
  A deep elf archer (Vaults:4)
  A naga ritualist (Snake:1)
  10 ironbrand convokers
  A lindwurm (shapeshifter) (Vaults:2)
  4 deep elf magi
  6 mana vipers
  2 glowing orange brains
  3 hill giants
  17 orc knights
  A phantasmal warrior (Vaults:2)
  14 harpies
  2 necromancers (Vaults:3)
  An oklob plant (Lair:4)
  A wolf spider (shapeshifter) (Vaults:2)
  2 fauns
  4 orc sorcerers
  4 wolf spiders
  10 cyclopes
  3 salamanders
  16 slime creatures
  18 manticores
  A salamander (shapeshifter) (D:9)
  34 ugly things
  10 sirens
  10 elephants
  2 guardian serpents
  7 naga magi
  A human skeleton (Vaults:3)
  10 vault sentinels
  29 black mambas
  10 water nymphs
  A torpor snail (Lair:4)
  A gargoyle (D:11)
  14 spiny frogs
  A yaktaur zombie (Vaults:3)
  A storm dragon simulacrum (Vaults:2)
  8 komodo dragons
  64 yaktaurs
  A rime drake (Lair:6)
  8 freezing wraiths
  A queen bee (D:10)
  7 trolls
  2 polar bears
  A meliai (shapeshifter) (Vaults:2)
  A hornet (shapeshifter) (D:15)
  A wind drake (shapeshifter) (D:14)
  38 merfolk
  A blink frog (shapeshifter) (Vaults:4)
  A shadow dragon simulacrum (Vaults:3)
  6 wind drakes
  2 hornets
  A harpy skeleton (D:15)
  8 blink frogs
  14 dream sheep
  24 two-headed ogres
  3 hippogriffs
  A minotaur skeleton (Lab)
  A dream sheep (shapeshifter) (Vaults:3)
  13 snapping turtles
  A stone giant simulacrum (Vaults:1)
  2 ettin skeletons
  3 wraiths
  A shadow (D:14)
  A tarantella (shapeshifter) (D:15)
  11 water elementals
  A wyvern (Lair:2)
  36 yaks
  7 basilisks
  4 fire bats (D:13)
  16 humans (D:13)
  A hog (shapeshifter) (Vaults:3)
  A hungry ghost (D:14)
  A golden eye (shapeshifter) (D:15)
  2 human simulacra
  6 wargs
  4 vampire mosquitoes
  2 mottled dragons
  14 nagas
  13 water moccasins
  A hell hound (D:13)
  A floating eye (shapeshifter) (D:15)
  71 orc warriors
  7 porcupines
  5 ice beasts
  2 phantoms
  6 sky beasts
  4 necrophages
  An eye of draining (shapeshifter) (D:15)
  5 wolves (Lair:6)
  2 eyes of draining
  22 centaurs
  49 ogres
  3 boggarts (Vaults:2)
  9 crocodiles
  4 big kobolds
  13 bullfrogs
  2 wyvern zombies
  An ogre simulacrum (Vaults:1)
  A water moccasin zombie (D:6)
  7 scorpions
  27 killer bees
  10 wights
  2 electric eels (Lair:5)
  2 lava snakes (D:13)
  4 howler monkeys
  A quasit (D:9)
  7 bullfrog zombies
  8 crimson imps
  3 centaur zombies
  8 hounds
  28 orc priests
  13 mummies (Ossuary)
  4 centaur skeletons
  2 jellies
  A bullfrog skeleton (D:6)
  26 orc wizards
  3 iguanas
  10 worker ants
  A killer bee zombie (Ossuary)
  4 hound zombies
  2 worker ant zombies (Ossuary)
  2 howler monkey zombies (Ossuary)
  15 gnolls
  11 adders
  3 river rats (D:8)
  2 shadow imps
  An ooze (D:2)
  2 adder skeletons
  An adder zombie (Ossuary)
  3 worms (D:4)
  6 dart slugs
  2 leopard geckos
  130 orcs
  2 ball pythons
  2 giant cockroaches
  26 goblins
  24 hobgoblins
  5 jackals
  2 quokkas
  12 bats
  5 frilled lizards
  2 giant cockroach zombies (Ossuary)
  2 jackal zombies (Ossuary)
  17 kobolds
  2 quokka zombies
  12 rats
  A rat zombie (D:6)
  A butterfly (Lair:5)
  2 fire vortices (D:13)
  A fungus (D:8)
  4 plants
1525 creatures vanquished.

Vanquished Creatures (others)
  A naga sharpshooter (Snake:1)
  2 yaktaurs
  A two-headed ogre (Vaults:1)
  A centaur (D:12)
  14 fungi
  21 plants
  3 withered plants (Ossuary)
43 creatures vanquished.

Grand Total: 1568 creatures vanquished

Notes
Turn   | Place    | Note
-------+----------+-------------------------------------------
     0 | D:1      | sankara the Minotaur Gladiator began the quest for the Orb.
     0 | D:1      | Reached XP level 1. HP: 18/18 MP: 0/0
   198 | D:1      | Reached XP level 2. HP: 25/25 MP: 1/1
   837 | D:2      | Reached XP level 3. HP: 30/31 MP: 2/2
   848 | D:2      | Found an opulent altar of Gozag.
  1000 | D:2      | Found a basalt altar of Yredelemnul.
  1579 | D:3      | Found a snail-covered altar of Cheibriados.
  1637 | D:3      | Reached XP level 4. HP: 39/39 MP: 3/3
  1656 | D:3      | Reached skill level 1 in Armour
  1659 | D:3      | Reached skill level 5 in Staves
  1955 | D:3      | Reached XP level 5. HP: 46/46 MP: 4/4
  2677 | D:4      | Noticed an ogre
  2679 | D:4      | Noticed a phantom
  2683 | D:4      | Killed an ogre
  2683 | D:4      | Reached XP level 6. HP: 53/53 MP: 5/5
  2787 | D:4      | Found a radiant altar of Vehumet.
  3050 | D:4      | Found a deep blue altar of Sif Muna.
  3442 | D:5      | Entered Level 5 of the Dungeon
  3445 | D:5      | Reached XP level 7. HP: 60/60 MP: 6/6
  3499 | D:5      | Found a staircase to the Ecumenical Temple.
  3507 | Temple   | Entered the Ecumenical Temple
  3590 | Temple   | Became a worshipper of Warmaster Okawaru
  3639 | D:5      | Found a glowing golden altar of the Shining One.
  3647 | D:5      | Reached skill level 5 in Dodging
  3674 | D:5      | Reached skill level 5 in Fighting
  3751 | D:5      | Found a shattered altar of Ashenzari.
  4015 | D:5      | Reached * piety under Okawaru
  4103 | D:6      | Found a hazy altar of Hepliaklqana.
  4130 | D:6      | Reached XP level 8. HP: 70/70 MP: 7/7
  4343 | D:6      | Found a sand-covered staircase.
  4351 | Ossuary  | Entered an ossuary
  4396 | Ossuary  | Reached ** piety under Okawaru
  4399 | Ossuary  | Reached skill level 5 in Armour
  4900 | D:6      | Reached XP level 9. HP: 79/79 MP: 8/8
  5309 | D:6      | Found a glowing silver altar of Zin.
  5547 | D:7      | Found a snail-covered altar of Cheibriados.
  5655 | D:7      | Reached *** piety under Okawaru
  5663 | D:7      | Reached skill level 10 in Staves
  6402 | D:8      | Gained mutation: Your mind is acute. (Int +2) [potion of mutation]
  6402 | D:8      | Gained mutation: Your flesh is heat resistant. (rF+) [potion of mutation]
  6402 | D:8      | Gained mutation: Your muscles are strong. (Str +2) [potion of mutation]
  6578 | D:8      | Found a stormy altar of Qazlal.
  6612 | D:8      | Reached **** piety under Okawaru
  6756 | D:8      | Reached XP level 10. HP: 76/90 MP: 9/9
  7333 | D:8      | Found a staircase to the Lair.
  7380 | Lair:1   | Entered Level 1 of the Lair of Beasts
  7393 | Lair:1   | Noticed a black mamba
  7401 | Lair:1   | Killed a black mamba
  7401 | Lair:1   | Reached skill level 1 in Invocations
  7429 | Lair:1   | Received a gift from Okawaru
  7673 | Lair:1   | Noticed Harold
  7675 | Lair:1   | Noticed a spiny frog
  7698 | Lair:1   | Killed Harold
  7702 | Lair:1   | Killed a spiny frog
  7702 | Lair:1   | Reached ***** piety under Okawaru
  7968 | Lair:1   | Noticed a spiny frog
  7976 | Lair:1   | Killed a spiny frog
  8208 | Lair:1   | Noticed a black mamba
  8213 | Lair:1   | Killed a black mamba
  8299 | Lair:1   | Noticed a spiny frog
  8305 | Lair:1   | Killed a spiny frog
  8415 | Lair:1   | Paralysed by fainting for 7 turns
  9023 | Lair:2   | Found a staircase to the Shoals.
  9023 | Lair:2   | Noticed a siren
  9037 | Lair:2   | Noticed a siren
  9042 | Lair:2   | Received a gift from Okawaru
  9042 | Lair:2   | Reached skill level 10 in Fighting
  9052 | Lair:2   | Reached XP level 11. HP: 83/99 MP: 9/12
  9133 | Lair:2   | Noticed a five-headed hydra
  9152 | Lair:2   | Received a gift from Okawaru
  9183 | Lair:2   | Killed a five-headed hydra
  9223 | Lair:2   | Noticed Sonja
  9237 | Lair:2   | Killed Sonja
  9237 | Lair:2   | Reached skill level 10 in Dodging
  9237 | Lair:2   | Reached skill level 5 in Invocations
  9569 | Lair:2   | Reached skill level 10 in Armour
 10707 | Lair:3   | HP: 5/102 [poisoned by a spiny frog]
 10712 | Lair:3   | HP: 3/102 [poisoned by a spiny frog]
 10717 | Lair:3   | HP: 3/102 [poisoned by a spiny frog]
 10724 | Lair:3   | HP: 3/102 [poisoned by a spiny frog]
 10732 | Lair:3   | HP: 3/102 [poisoned by a spiny frog]
 11279 | Lair:3   | Found a stormy altar of Qazlal.
 11369 | Lair:3   | Found a staircase to the Snake Pit.
 12002 | Lair:4   | Noticed a catoblepas
 12127 | Lair:4   | Killed a catoblepas
 12127 | Lair:4   | Received a gift from Okawaru
 12127 | Lair:4   | Reached XP level 12. HP: 92/110 MP: 16/16
 12128 | Lair:4   | Got a pair of faintly humming gloves {god gift}
 12134 | Lair:4   | Identified the +0 pair of gloves of Truth {rPois} (Okawaru gifted it to you on level 4 of the Lair of Beasts)
 12360 | Lair:4   | Found a hide-covered altar of Uskayaw.
 13375 | Lair:5   | Noticed a five-headed hydra
 13378 | Lair:5   | Found a runed door.
 13389 | Lair:5   | Killed a five-headed hydra
 13398 | Lair:5   | Found a viscous altar of Jiyva.
 13399 | Lair:5   | Noticed an azure jelly
 13400 | Lair:5   | Found a staircase to the Slime Pits.
 13400 | Lair:5   | Noticed an azure jelly
 13465 | Lair:5   | Found a labyrinth entrance.
 13475 | Lab      | Entered a labyrinth
 13609 | Lab      | Noticed a minotaur
 13620 | Lab      | Killed a minotaur
 13663 | Lab      | Identified a +5 rod of ignition (14/14) (You found it in a labyrinth)
 13693 | Lair:5   | Noticed a seven-headed hydra
 13705 | Lair:5   | Killed a 15-headed hydra
 14437 | Lair:5   | Received a gift from Okawaru
 14485 | Lair:5   | Reached XP level 13. HP: 90/119 MP: 19/19
 14699 | Lair:5   | Noticed an azure jelly
 14710 | Lair:6   | Entered Level 6 of the Lair of Beasts
 14721 | Lair:6   | Received a gift from Okawaru
 14739 | Lair:6   | Reached skill level 10 in Invocations
 15618 | Lair:6   | Reached ****** piety under Okawaru
 15834 | Lair:6   | Received a gift from Okawaru
 16695 | Lair:6   | Noticed a dire elephant
 16695 | Lair:6   | Noticed a dire elephant
 16711 | Lair:6   | Killed a dire elephant
 16726 | Lair:6   | Killed a dire elephant
 16726 | Lair:6   | Received a gift from Okawaru
 16735 | Lair:6   | Got a shimmering halberd {god gift}
 16736 | Lair:6   | Identified the +8 halberd of Moderation {protect, rF+ Int+2} (Okawaru gifted it to you on level 6 of the Lair of Beasts)
 16748 | Lair:6   | Got an ichor-stained glaive
 16749 | Lair:6   | Identified the +8 glaive "Saetunext" {venom, *Slow Str+5} (You found it on level 6 of the Lair of Beasts)
 16750 | Lair:6   | Identified the Handbook of the Venomous Escort
 16763 | Lair:6   | Noticed a dire elephant
 16774 | Lair:6   | Killed a dire elephant
 17216 | D:9      | Found a shadowy altar of Dithmenos.
 17462 | D:9      | Found a shadowy altar of Dithmenos.
 17642 | D:10     | Entered Level 10 of the Dungeon
 17669 | D:10     | Reached XP level 14. HP: 129/129 MP: 21/21
 18934 | D:11     | Found an opulent altar of Gozag.
 19189 | D:11     | Received a gift from Okawaru
 19190 | D:11     | Got a jasper-encrusted troll leather armour {god gift}
 19201 | D:11     | Identified the +0 troll leather armour of Ethics {rF+ MR+ Regen+} (Okawaru gifted it to you on level 11 of the Dungeon)
 19897 | D:12     | Found a staircase to the Orcish Mines.
 20462 | Orc:1    | Entered Level 1 of the Orcish Mines
 20462 | Orc:1    | Noticed an orc warlord
 20589 | Orc:1    | Killed an orc warlord
 20973 | Orc:2    | Entered Level 2 of the Orcish Mines
 20973 | Orc:2    | Found Lafe Xixt's Distillery.
 21348 | Orc:2    | Found a staircase to the Elven Halls.
 22515 | Orc:2    | Received a gift from Okawaru
 22516 | Orc:2    | Got a smoking robe {god gift}
 22596 | Orc:2    | Found Onaefasi's Antique Armour Emporium.
 22596 | Orc:2    | Found Nenak's Gadget Emporium.
 22597 | Orc:2    | Found Zituotuc's Armour Emporium.
 22597 | Orc:2    | Found Huynelan's Antique Weapon Shoppe.
 22609 | Orc:2    | Bought a +1 pair of boots of running for 474 gold pieces
 22624 | Orc:2    | Bought a pair of bloodstained gloves for 294 gold pieces
 22634 | Orc:2    | Identified the cursed -4 pair of gloves of the Solstice {+Fly} (You bought it in a shop on level 2 of the Orcish Mines)
 22769 | Orc:1    | Found Jyppaoss's Distillery.
 23166 | Orc:1    | Found a roughly hewn altar of Beogh.
 23402 | D:13     | Found a flagged portal.
 23420 | Bailey   | Entered a bailey
 23535 | Bailey   | Reached XP level 15. HP: 123/139 MP: 23/23
 23661 | Bailey   | Noticed an orc warlord
 23695 | Bailey   | Killed an orc warlord
 23788 | Bailey   | Gained mutation: You passively map a small area around you. [potion of beneficial mutation]
 23789 | Bailey   | Gained mutation: You have supernaturally acute eyesight. (SInv) [potion of beneficial mutation]
 23966 | D:13     | Found a gate to the Vaults.
 23966 | D:13     | Noticed Rupert
 23970 | D:13     | Noticed Urug
 23981 | D:13     | Killed Rupert
 24016 | D:13     | Killed Urug
 24235 | D:13     | You fall through a shaft for 2 floors!
 24235 | D:15     | Entered Level 15 of the Dungeon
 24252 | D:15     | Reached skill level 15 in Fighting
 24274 | D:15     | Reached skill level 15 in Armour
 25016 | D:14     | Received a gift from Okawaru
 26379 | D:15     | Found a staircase to the Depths.
 27081 | Shoals:1 | Entered Level 1 of the Shoals
 27583 | Shoals:1 | Noticed MirrMurr's ghost (adept DsBe)
 27632 | Shoals:1 | Killed MirrMurr's ghost
 28374 | Shoals:1 | Received a gift from Okawaru
 28374 | Shoals:1 | Reached XP level 16. HP: 99/151 MP: 25/25
 28402 | Shoals:1 | Got a heavily runed hat {god gift}
 28413 | Shoals:1 | Identified the +0 hat "Leas" {-Cast *Drain rElec Str+8} (Okawaru gifted it to you on level 1 of the Shoals)
 28807 | Shoals:2 | Noticed Polyphemus
 28837 | Shoals:2 | Killed Polyphemus
 29717 | Shoals:2 | Found Pocwout's Armour Boutique.
 29758 | Shoals:2 | Noticed Jorgrun
 30283 | Shoals:3 | Found Wus Quz's Distillery.
 30414 | Shoals:3 | Received a gift from Okawaru
 30444 | Shoals:3 | Noticed Louise
 30466 | Shoals:3 | Killed Louise
 30836 | Shoals:2 | Killed Jorgrun
 31293 | Snake:1  | Entered Level 1 of the Snake Pit
 31658 | Snake:1  | Received a gift from Okawaru
 31659 | Snake:1  | Got a pitted ring mail {god gift}
 31660 | Snake:1  | Identified the +2 ring mail of Protective Custody {rF+ rN++} (Okawaru gifted it to you on level 1 of the Snake Pit)
 31733 | Snake:1  | Noticed Aizul
 31753 | Snake:1  | Killed Aizul
 32113 | Snake:1  | Reached XP level 17. HP: 120/161 MP: 25/27
 33063 | Snake:2  | Reached skill level 15 in Invocations
 33531 | Snake:2  | Reached skill level 15 in Dodging
 34838 | Shoals:4 | Entered Level 4 of the Shoals
 34844 | Shoals:4 | Noticed Ilsuiw
 35101 | Shoals:4 | Noticed Roxanne
 35867 | Shoals:3 | Received a gift from Okawaru
 36758 | Shoals:4 | Killed Ilsuiw
 37160 | Shoals:4 | Identified the Compendium of Flamy Feathers
 37425 | Shoals:4 | Got a barnacled rune of Zot
 37760 | Shoals:4 | Killed Roxanne
 37760 | Shoals:4 | Reached XP level 18. HP: 99/172 MP: 28/28
 37761 | Shoals:4 | Identified Roxanne's Compendium of Transformation (You took it off Roxanne on level 4 of the Shoals)
 38350 | Shoals:3 | Identified Wosush's Papyrus of the Escort and Orientation
 38561 | D:12     | Received a gift from Okawaru
 38562 | D:12     | Got an ichor-stained battleaxe {god gift}
 38571 | D:12     | Identified the +1 battleaxe "Plog" {flame, Str+5 Int+4 SInv} (Okawaru gifted it to you on level 12 of the Dungeon)
 38598 | Vaults:1 | Entered Level 1 of the Vaults
 39075 | Vaults:1 | Got a faintly humming scale mail
 39076 | Vaults:1 | Identified the +4 scale mail of Norovatu {rPois rC+} (You found it on level 1 of the Vaults)
 39183 | Vaults:1 | Received a gift from Okawaru
 40252 | Vaults:1 | Found Joem's Antique Weapon Boutique.
 41002 | Vaults:2 | Found Seskuax's Gadget Boutique.
 41047 | Vaults:2 | Received a gift from Okawaru
 41412 | Vaults:2 | Found Gadal's General Store.
 41616 | Vaults:2 | Reached XP level 19. HP: 179/182 MP: 24/30
 41629 | Vaults:2 | Received a gift from Okawaru
 41787 | Vaults:2 | Found a deep blue altar of Sif Muna.
 41807 | Vaults:2 | Found Siwneen's Food Shop.
 41836 | Vaults:2 | Found Rycenluxt's Distillery.
 42012 | Vaults:2 | Found Jiatiece's Food Emporium.
 42057 | Vaults:2 | Found a staircase to the Crypt.
 42434 | Vaults:2 | Gained mutation: You are resistant to hostile enchantments. (MR+) [potion of beneficial mutation]
 43473 | Vaults:3 | Received a gift from Okawaru
 43711 | Vaults:3 | Got a bloodstained chain mail
 43712 | Vaults:3 | Identified the cursed +1 chain mail "Wijuzask" {rN+} (You found it on level 3 of the Vaults)
 43732 | Vaults:3 | Received a gift from Okawaru
 44244 | Vaults:3 | Received a gift from Okawaru
 44291 | Vaults:3 | Found Oqaupt's Antique Weapon Emporium.
 44618 | Vaults:3 | Received a gift from Okawaru
 45284 | Vaults:3 | Reached XP level 20. HP: 193/193 MP: 31/31
 45937 | Vaults:4 | Paralysed by a ghostly great orb of eyes for 4 turns
 45946 | Vaults:4 | Paralysed by a ghostly great orb of eyes for 3 turns
 46733 | Vaults:4 | Received a gift from Okawaru
 46753 | Vaults:4 | HP: 9/195 [yaktaur/bolt (4)]
 46787 | Vaults:4 | Slain by an ettin

Skill      XL: |  1  2  3  4  5  6  7  8  9 10 11 12 13 14 15 16 17 18 19 20 |
---------------+-------------------------------------------------------------+-----
Staves         | 4 5 6 8 9 10 11 12 13 14 | 14.0
Fighting       | 3 4 5 7 8 10 11 12 13 14 15 17 18 19 20 | 20.5
Armour         | 1 2 3 4 5 7 9 10 12 13 14 15 16 17 19 20 | 20.5
Dodging        | 4 5 6 8 9 10 12 13 14 15 16 17 18 | 18.3
Invocations    | 3 7 9 11 12 13 14 15 16 17 18 | 18.0
Throwing       | |  2.0

Action                   |  1- 3 |  4- 6 |  7- 9 | 10-12 | 13-15 | 16-18 | 19-21 || total
-------------------------+-------+-------+-------+-------+-------+-------+-------++-------
Melee: Quarterstaff      |    62 |   141 |   397 |   595 |  1785 |  1767 |  1004 ||  5751
       Headbutt          |     9 |    22 |    90 |   166 |   535 |   648 |   442 ||  1912
       Lajatang          |       |       |       |    58 |     3 |       |       ||    61
Throw: Tomahawk          |       |       |     7 |    13 |       |       |       ||    20
       Throwing net      |       |       |     1 |       |       |       |       ||     1
       Javelin           |       |       |       |       |       |     6 |       ||     6
Invok: Heroism           |       |       |       |     9 |     8 |    11 |     3 ||    31
       Finesse           |       |       |       |     2 |     3 |     4 |     2 ||    11
 Abil: Evoke Flight      |       |       |       |       |     8 |    43 |       ||    51
       Stop Flying       |       |       |       |       |       |     1 |       ||     1
Evoke: Wand              |       |       |       |       |       |       |     3 ||     3
       Lamp of fire      |       |       |       |       |       |       |     1 ||     1
  Use: Scroll            |       |     2 |    13 |     3 |    10 |    12 |     6 ||    46
       Potion            |       |       |    12 |     8 |     3 |     2 |     1 ||    26
 Stab: Petrified         |       |       |       |       |       |    10 |       ||    10
       Distracted        |       |       |       |       |       |     1 |       ||     1
  Eat: Chunk             |     2 |     6 |    11 |    22 |    47 |    41 |    17 ||   146
       Fruit             |       |       |       |     4 |     2 |     7 |       ||    13
Armor: Leather armour    |    16 |       |       |       |       |       |       ||    16
       Chain mail        |     6 |    69 |   160 |    18 |       |       |       ||   253
       Plate armour      |       |       |       |   340 |   535 |       |       ||   875
       Crystal plate arm |       |       |       |       |   152 |   771 |   331 ||  1254
Dodge: Dodged            |    39 |    61 |   156 |   293 |   730 |  1002 |   586 ||  2867
Block: Other             |       |       |    34 |   112 |   302 |   324 |   121 ||   893
       Reflection        |       |       |     1 |     4 |    21 |    39 |    18 ||    83
